 Dungeon Crawl Stone Soup version 0.18-a0-1196-g09327cf (console) character file.

217 FoCheiMinh the Firebug (level 6, -4/41 HPs)
             Began as a Formicid Fire Elementalist on Jan 30, 2016.
             Slain by an orc
             ... wielding a +2 short sword of electrocution
              (6 damage)
             ... on level 4 of the Dungeon.
             The game lasted 00:11:35 (3000 turns).

FoCheiMinh the Firebug (Formicid Fire Elementalist) Turns: 3000, Time: 00:11:35

Health: -4/41      AC:  2    Str: 12    XL:     6   Next: 16%
Magic:  10/11      EV: 12    Int: 17    God:
Gold:   174        SH:  0    Dex: 14    Spells: 3 memorised, 4 levels left

rFire  . . .     SeeInvis +     a - +0 short sword (elec)
rCold  . . .     Gourm    .     z - +0 robe
rNeg   . . .     Faith    .     (no shield)
rPois  .         Spirit   .     (helmet unavailable)
rElec  .         Dismiss  .     (no cloak)
rCorr  .         Reflect  .     (no gloves)
SustAt .         Harm     .     (no boots)
MR     .....                    (no amulet)
Stlth  ++........               (no ring)
                                u - +3 ring of dexterity

@: not resistant to hostile enchantments, unstealthy
A: permanent stasis, dig shafts and tunnels, four strong arms, antennae 3
a: Dig, Shaft Self


You were on level 4 of the Dungeon.
You were not hungry.

You visited 1 branch of the dungeon, and saw 4 of its levels.

You collected 174 gold pieces.

Inventory:

Hand Weapons
 a - a +0 short sword of electrocution (weapon)
 h - a +0 dagger
 k - a +0 spear
 t - a -2 trident
Missiles
 o - 87 stones (quivered)
Armour
 d - a +0 ring mail
 g - a +0 chain mail
 z - a +0 robe (worn)
Jewellery
 q - an uncursed amulet of faith
 u - a +3 ring of dexterity (left hand)
Scrolls
 e - 4 scrolls of identify {unknown}
 j - 4 scrolls of teleportation {unknown}
 n - 4 scrolls of fear {unknown}
 w - a scroll of remove curse
Potions
 i - 2 potions of flight {unknown}
 l - 3 potions of curing {unknown}
 m - a potion of agility {unknown}
 s - 2 potions of might {unknown}
 x - a potion of invisibility {unknown}
Books
 b - a book of Flames

   Spells                             Type                      Level
   a - Flame Tongue                   Conjuration/Fire             1
   b - Throw Flame                    Conjuration/Fire             2
   c - Conjure Flame                  Conjuration/Fire             3
   d - Inner Flame                    Hexes/Fire                   3
   e - Sticky Flame                   Conjuration/Fire             4
   f - Fireball                       Conjuration/Fire             5
Comestibles
 c - 4 bread rations
 f - 3 meat rations
 p - 2 beef jerkies
 v - 4 chunks of flesh


   Skills:
 - Level 1.7 Dodging
 - Level 2.4 Stealth
 + Level 3.6 Spellcasting
 * Level 3.1 Conjurations
 + Level 4.4 Fire Magic


You had 4 spell levels left.
You knew the following spells:

 Your Spells              Type           Power        Failure   Level  Hunger
a - Flame Tongue          Conj/Fire      ###..        3%          1    None
f - Conjure Flame         Conj/Fire      ###.....     12%         3    ###....
s - Sticky Flame          Conj/Fire      ###.....     38%         4    ####...


Dungeon Overview and Level Annotations

Branches:
Dungeon (4/15)             Temple (0/1) D:4

Altars:
Ashenzari
Elyvilon

Annotations:
D:4 djmy96's ghost, amateur DESu


Innate Abilities, Weirdness & Mutations

You are under a permanent stasis effect.
You can dig through walls and to a lower floor.
Your four strong arms can wield two-handed weapons with a shield.
You have a pair of large antennae on your head (SInv).


Message History

You kill the orc!
You hit the orc.
The orc is lightly wounded.
The orc closely misses you.
You hit the orc.
The orc is almost dead.
The orc closely misses you.
You closely miss the orc.
The orc is almost dead.
The orc hits you with a short sword of electrocution.
You are electrocuted!
* * * LOW HITPOINT WARNING * * *
Casting: Flame Tongue
Confirm with . or Enter, or press ? or * to list all spells.
Aiming: Flame Tongue
Press: ? - help, Shift-Dir - straight line, f - orc
Aim: an orc, wielding a short sword of electrocution (almost dead)
The flame tongue misses the orc.
The orc hits you with a short sword of electrocution.
You die...

#..........?..,,,,,,*
*,,,,,,
#......#####+###,,,**
*,,,,,, #......#
*,,.#,*,* *,,,,,,
#......# ***.#,#,*
*,,,,,, #......#
*.#.#,* *,,,,,,
#......# *.#.#,*
*,,,,,, #......#
#####...#.## *,,,,,,
#......###(#o#......#
***,***
####...(.(#.#@.^....#
*,*
#......####......#
*,** #......#
*,......# *,,**
#..{..o# *,......#
**,,, #.{o.o.#
*,......# *,⌠,
#......# *,......#
****,,, #.o.{..#
*,..[...# *,,,,,,
#o.....#**,......#
*,⌠,,>,
*,,,,,,,,,,,,,,,,*
*,,,,,,


You could see an orc.

Vanquished Creatures
  A phantom (D:4)
  Terence (D:2)
  A worker ant (D:4)
  4 adders
  2 worms (D:2)
  2 giant geckos (D:2)
  3 orcs
  A ball python (D:2)
  4 giant cockroaches
  4 goblins
  3 hobgoblins
  7 kobolds
  A quokka (D:2)
  8 bats
  4 giant newts
  2 rats (D:2)
48 creatures vanquished.

Notes
Turn   | Place    | Note
--------------------------------------------------------------
     0 | D:1      | FoCheiMinh the Formicid Fire Elementalist began the quest for the Orb.
     0 | D:1      | Reached XP level 1. HP: 13/13 MP: 3/3
     6 | D:1      | Noticed a swamp worm
     6 | D:1      | Noticed a worker ant
     6 | D:1      | Noticed an eight-headed hydra
     6 | D:1      | Noticed an iguana
     6 | D:1      | Noticed a polar bear
   122 | D:1      | Reached skill level 1 in Conjurations
   510 | D:1      | Reached XP level 2. HP: 17/19 MP: 3/5
  1215 | D:2      | Noticed Terence
  1292 | D:2      | Reached XP level 3. HP: 24/24 MP: 4/6
  1317 | D:2      | Learned a level 3 spell: Conjure Flame
  1887 | D:2      | Killed Terence
  1887 | D:2      | Reached XP level 4. HP: 11/30 MP: 1/8
  2132 | D:3      | Found a shattered altar of Ashenzari.
  2347 | D:3      | Reached skill level 4 in Fire Magic
  2475 | D:3      | Found a white marble altar of Elyvilon.
  2502 | D:3      | Reached XP level 5. HP: 35/35 MP: 3/9
  2514 | D:3      | Learned a level 4 spell: Sticky Flame
  2754 | D:4      | Noticed an ogre
  2844 | D:4      | Noticed a phantom
  2868 | D:4      | Killed a phantom
  2868 | D:4      | Reached XP level 6. HP: 11/41 MP: 0/11
  2980 | D:4      | Noticed djmy96's ghost (amateur DESu)
  2999 | D:4      | HP: 1/41 [orc/short sword of electrocution (18)]
  3000 | D:4      | Slain by an orc

Vault maps used:
D:1:      onia_arrival_zoo_common
D:2:      first_bread, uniq_terence
D:3:      elyvilon_altar_1, minmay_statues_item, ashenzari_altar_1
D:4:      nicolae_overflow_crystal_walls, minmay_temple_entry_junction,
          nicolae_ossuary_entry_ruins, serial_shops,
          nicolae_shop_temple_entry_statues_fountains, uniq_edmund

Action                   |  1- 3 |  4- 6 || total
-------------------------+-------+-------++-------
Melee: Dagger            |     5 |       ||     5
       Short sword       |       |    15 ||    15
Throw: Stone             |     2 |       ||     2
 Cast: Flame Tongue      |    51 |    41 ||    92
 Abil: Dig               |     1 |     5 ||     6
  Use: Scroll            |       |     4 ||     4
  Eat: Chunk             |     4 |     3 ||     7
